 Dungeon Crawl Stone Soup version 0.30.1-4-g462c640d31 (webtiles) character file.

Game seed: 9419933383590070900

399 dio423 the Chopper (level 6, 0/48 HPs)
             Began as a Demonspawn Fighter on Sept 10, 2023.
             Slain by Edmund
             ... wielding a +4 flail of holy wrath
              (18 damage)
             ... on level 4 of the Dungeon.
             The game lasted 00:14:37 (3368 turns).

dio423 the Chopper (Demonspawn Fighter)             Turns: 3368, Time: 00:14:38

Health: 0/48       AC:  7    Str: 16      XL:     6   Next: 53%
Magic:  6/6        EV: 10    Int:  9      God:
Gold:   149        SH:  0    Dex: 13 (15) Spells: 5/5 levels left

rFire   . . .        l - +0 executioner's axe
rCold   . . .        (shield currently unavailable)
rNeg    . . .        b - +0 scale mail
rPois   .            (helmet restricted)
rElec   .            (no cloak)
rCorr   .            (no gloves)
SInv    .            (no boots)
Will    .....        (no amulet) Stlth
                     (no ring)
HPRegen 0.28/turn    (no ring)
MPRegen 0.10/turn

%: no passive effects
@: no status effects
A: horns 2, powered by death 1
a: no special abilities


You were on level 4 of the Dungeon.
You visited 1 branch of the dungeon, and saw 4 of its levels.

You collected 149 gold pieces.

Inventory:

Hand Weapons
 a - a +0 war axe
 l - a +0 executioner's axe (weapon)
 p - a +4 short sword
Missiles
 i - 14 poisoned darts (quivered)
Armour
 b - a +0 scale mail (worn)
 c - a +0 buckler
Magical Staves
 j - a staff of cold
Jewellery
 d - an amulet of reflection
Wands
 m - a wand of polymorph (6)
 s - a wand of iceblast (13)
Scrolls
 f - 2 scrolls of immolation
 o - a scroll of blinking
 q - a scroll of teleportation
 t - a scroll of amnesia {unknown}
 v - a scroll of noise {unknown}
Potions
 h - 2 potions of lignification
 n - a potion of mutation {unknown}
 r - a potion of resistance {unknown}
 u - a potion of brilliance {unknown}


   Skills:
 + Level 3.9 Fighting
 + Level 4.3 Axes
 * Level 4.1 Armour
 * Level 2.0 Dodging
 - Level 2.9 Shields


You had 5 spell levels left.
You didn't know any spells.
Your spell library contained the following spells:

 Spells                   Type           Power      Damage    Failure   Level
 Magic Dart               Conj           0%         1d3       80%         1
 Shock                    Conj/Air       0%         1d3       80%         1
 Call Imp                 Summ           0%         N/A       91%         2
 Lesser Beckoning         Tloc           0%         N/A       91%         2
 Gell's Gravitas          Tloc           0%         N/A       99%         3
 Mephitic Cloud           Conj/Pois/Air  0%         N/A       99%         3
 Swiftness                Air            0%         N/A       99%         3
 Teleport Other           Tloc           0%         N/A       99%         3
 Airstrike                Air            0%         2d(0-16)  100%        4


Dungeon Overview and Level Annotations

Branches:
Dungeon (4/15)
 Temple: D:4-7

Altars:
Qazlal

Annotations:
D:4 2 transporters, Edmund; Fortress's ghost, amateur MfTm


Innate Abilities, Weirdness & Mutations

You have a pair of horns on your head.
You regenerate a little health from kills.


Message History

The gnoll shouts!
A gnoll breaks down the door.
Found a jade ring, a manual of Fighting and 2 scrolls labelled POV SAIBASUOH.
Found a stone staircase leading down.
Fortress's ghost turns its malevolent gaze towards you.
Found 20 gold pieces.
The gnoll shouts!
You see here a +0 leather armour.
You see here a +0 leather armour.
There is a transporter landing site here.
You enter the shallow water.
Moving in this stuff is going to be slow.
There is a stone staircase leading down here.
There is a stone staircase leading down here.
Found a transporter.
Found a chain mail.
Something unseen opens the door.
You see here a +0 chain mail.
The gnoll shouts!
The gnoll hits something with a +0 whip.
The gnoll hits the plant with a +0 whip!
The plant begins to die.
There is a transporter here.
A nearby plant withers and dies.
The gnoll hits something with a +0 whip.
Edmund the Younger comes into view.
He is wielding a +4 flail of holy wrath.
Edmund shouts!
An endoplasm comes into view.
The endoplasm quivers.
Edmund drinks a potion.
Edmund seems to grow stronger.
It was a potion of heal wounds.
You feel much better. Edmund hits you but does no damage.
You hit Edmund but do no damage. Edmund barely misses you.
Edmund hits you with a +4 flail of holy wrath!
You convulse.
You slash Edmund! Your headbutt misses Edmund.
Edmund is moderately wounded.
Edmund hits you with a +4 flail of holy wrath!!
You convulse!!
You die...

##'######.# .≈≈.#
.g........###≈≈.#
#####g###...#≈≈.#
#.©.###[#.8g#≈≈.###
........#####≈≈...#
≈...≈≈≈≈≈≈≈≈≈≈≈.#
≈...≈≈≈≈≈≈≈≈≈≈≈.#
................###.#
#####...........@@J.#
#################


You could see Edmund (strong), a gnoll and an endoplasm.

Vanquished Creatures
  Eustachio (D:4)
  Blork the orc (D:4)
  An orc priest (D:4)
  Terence (D:3)
  4 adders
  A worm (D:2)
  A dart slug (D:1)
  8 orcs
  6 endoplasms
  3 giant cockroaches (D:2)
  2 goblins
  11 hobgoblins
  7 jackals
  4 quokkas
  5 ball pythons
  6 bats
  2 frilled lizards
  11 kobolds
  4 rats
79 creatures vanquished.

Notes
Turn   | Place    | Note
-------+----------+-------------------------------------------
     0 | D:1      | dio423 the Demonspawn Fighter began the quest for the Orb.
     0 | D:1      | Reached XP level 1. HP: 18/18 MP: 1/1
   260 | D:1      | Gained mutation: You have a pair of small horns on your
                  | head. [demonic ancestry]
   260 | D:1      | Reached XP level 2. HP: 24/24 MP: 2/2
   675 | D:1      | Gained mutation: You have a pair of horns on your head.
                  | [demonic ancestry]
   675 | D:1      | Reached XP level 3. HP: 29/29 MP: 3/3
  1608 | D:2      | Gained mutation: You regenerate a little health from kills.
                  | [demonic ancestry]
  1608 | D:2      | Reached XP level 4. HP: 29/35 MP: 4/4
  1776 | D:2      | Reached skill level 1 in Dodging
  1985 | D:3      | Identified the staff of fire "Vaomarir" {rElec rF+ rC++ rN+
                  | Will+ MP-9}
  2150 | D:3      | Noticed Terence
  2159 | D:3      | Killed Terence
  2209 | D:3      | Noticed a bullfrog
  2406 | D:3      | Reached XP level 5. HP: 41/41 MP: 5/5
  2414 | D:3      | Found a stormy altar of Qazlal.
  2802 | D:4      | Noticed Blork the orc
  2810 | D:4      | Killed Blork the orc
  2990 | D:4      | Noticed Eustachio
  3040 | D:4      | Killed Eustachio
  3041 | D:4      | Reached XP level 6. HP: 12/48 MP: 6/6
  3246 | D:4      | Found a transporter.
  3252 | D:4      | Noticed Fortress's ghost (amateur MfTm)
  3275 | D:4      | Identified the +1 scale mail "Jiosanam" {Int+3 Dex+2}
  3275 | D:4      | Identified the +1 kite shield of Snakes and Ladders {+Blink
                  | Will+ Int+3}
  3322 | D:4      | Found a transporter.
  3363 | D:4      | Noticed Edmund
  3368 | D:4      | Slain by Edmund

Illustrated notes

Levels and vault maps discovered:
D:1:      evilmike_arrival_plus, layout_loops_corners
D:2:      layout_basic, chequers_mini_garden, minmay_misc_feat_tower
D:3:      layout_loops_ring, nicolae_qazlal_scattered_showers,
          lightli_corner_chamber, uniq_terence
D:4:      layout_basic, gammafunk_ghost_gnarly_gnolls, uniq_edmund,
          uniq_eustachio, uniq_blork_the_orc

Skill      XL: |  1  2  3  4  5 |
---------------+----------------+-----
Axes           | 2 3 4 |  4.3
Armour         | 3 4 |  4.1
Dodging        | 1 2 |  2.0
Fighting       | |  3.9
Shields        | |  2.9

Action                     |  1- 3 |  4- 6 || total
---------------------------+-------+-------++-------
  Melee: War axe           |    76 |       ||    76
         Headbutt          |     9 |    17 ||    26
         Executioner's axe |    39 |   127 ||   166
    Use: Scroll            |     1 |     5 ||     6
         Potion            |     1 |     7 ||     8
 Armour: Scale mail        |   102 |   120 ||   222
         Skin              |       |     1 ||     1
  Dodge: Dodged            |    87 |   120 ||   207
  Block: Buckler           |    15 |       ||    15
